 Dungeon Crawl Stone Soup version 0.27.1-1-g398f81649c (webtiles) character file.

Game seed: 15411297254418660178

265 H0rd4k the Magician (level 6, 0/36 HPs)
             Began as an Octopode Hedge Wizard on Sept 15, 2021.
             Succumbed to a scorpion's poison
             ... on level 5 of the Dungeon.
             The game lasted 00:05:04 (4345 turns).

H0rd4k the Magician (Octopode Hedge Wizard)         Turns: 4345, Time: 00:05:05

Health: 0/36       AC:  1    Str:  9 (10) XL:     6   Next: 20%
Magic:  6/13       EV: 17    Int: 16 (18) God:
Gold:   75         SH:  0    Dex: 10 (11) Spells: 11/14 levels left

rFire    . . .     SeeInvis .   a - +0 dagger
rCold    . . .     Faith    .   (no shield)
rNeg     + . .     Spirit   .   b - +0 hat
rPois    .         Reflect  .   (no amulet)
rElec    .         Harm     .   e - ring of positive energy
rCorr    .         Rampage  .   i - +4 ring of evasion
Will     .....                  (no ring)
Stlth    +++.......             (no ring)
HPRegen  0.12/turn              (no ring)
MPRegen  0.13/turn              (no ring)
                                (no ring)
                                (no ring)

@: lethally poisoned (0 -> -1)
A: almost no armour, amphibious, 8 rings, camouflage 1, gelatinous body 1,
(nimble swimmer 1), tentacles
a: no special abilities


You were on level 5 of the Dungeon.
You visited 1 branch of the dungeon, and saw 5 of its levels.

You collected 75 gold pieces.

Inventory:

Hand Weapons
 a - a +0 dagger (weapon)
Armour
 b - a +0 hat (worn)
Jewellery
 e - a ring of positive energy (left tentacle)
 i - a +4 ring of evasion (right tentacle)
Scrolls
 c - 2 scrolls of identify {unknown}
 d - a scroll of fog {unknown}
 f - a scroll of enchant weapon {unknown}
 g - a scroll of acquirement {unknown}
 h - 2 scrolls of teleportation {unknown}
 j - a scroll of enchant armour {unknown}
Potions
 l - a potion of lignification {unknown}


   Skills:
 + Level 2.6 Dodging
 + Level 3.4 Stealth
 + Level 4.9 Spellcasting
 + Level 3.4 Conjurations
 + Level 1.0 Summonings
 + Level 1.0 Translocations


You had 11 spell levels left.
You knew the following spells:

 Your Spells              Type           Power      Damage    Failure   Level
a - Magic Dart            Conj           60%        1d6       3%          1
b - Blink                 Tloc           N/A        N/A       16%         2

Your spell library contained the following spells:

 Spells                   Type           Power      Damage    Failure   Level
 Call Imp                 Summ           7%         N/A       16%         2
 Conjure Flame            Conj/Fire      9%         6-21      22%         3
 Slow                     Hex            3%         N/A       24%         2
 Mephitic Cloud           Conj/Pois/Air  7%         N/A       28%         3


Dungeon Overview and Level Annotations

Branches:
Dungeon (5/15)
 Temple: D:4-7

Altars:
Zin

Shops:
D:3 *

Annotations:
D:2 Sigmund
D:4 exclusion: upstairs


Innate Abilities, Weirdness & Mutations

You cannot wear most types of armour.
You are amphibious.
You can wear up to eight rings at the same time.
Your skin changes colour to match your surroundings (Stealth+).
Your rubbery body absorbs attacks. (AC +1, EV +1)
((You are camouflaged near water. (Stealth+)))
You have tentacles for arms and can constrict up to eight enemies at once.


Message History

The scorpion is lightly wounded.
The magic dart hits the scorpion.
The scorpion is moderately wounded.
The magic dart hits the scorpion.
The scorpion is heavily wounded.
The magic dart hits the scorpion but does no damage.
The scorpion is heavily wounded.
The scorpion barely misses you.
The magic dart hits the scorpion.
The scorpion is heavily wounded.
The scorpion stings you.
An ufetubus comes into view.
The scorpion stings you.
You are poisoned.
The scorpion poisons you!
The magic dart hits the scorpion but does no damage.
The scorpion is heavily wounded.
You feel very sick. The scorpion barely misses you.
The magic dart hits the scorpion.
The scorpion is severely wounded.
You feel sick. The scorpion closely misses you.
The magic dart hits the scorpion but does no damage.
The scorpion is severely wounded.
You feel sick. The scorpion barely misses you.
You are too injured to fight recklessly!
You are too injured to fight recklessly!
You feel sick.
You feel sick. The scorpion stings you!
* * * LOW HITPOINT WARNING * * *
You feel sick.
You feel sick.
You feel sick. The ufetubus closely misses you. The ufetubus hits you.
* * * LOW HITPOINT WARNING * * *
* * * LOW HITPOINT WARNING * * *
You feel sick.
It was a potion of degeneration.
There was something very wrong with that liquid.
You feel weakened.
You feel dopey.
You feel clumsy.
You die...

.. #.
##.#...............
....##.............
.....................
.......####..........
...............########
#.#............#
..........(.....#
.#...$.........#
.........###@..# .
#....#...s...#
...#........5...#
................#
......$.........#
................#
#...............#
#...............#
#...............#


You could see a scorpion and an ufetubus.

Vanquished Creatures
  3 orc priests
  A hound (D:4)
  A centaur skeleton (D:5)
  A jelly (D:5)
  An iguana (D:4)
  An adder (D:4)
  An ufetubus (D:4)
  2 dart slugs
  5 orcs
  4 bats
  5 endoplasms
  3 giant cockroaches
  6 goblins
  3 hobgoblins
  2 kobolds (D:2)
  2 frilled lizards (D:1)
  3 rats
44 creatures vanquished.

Vanquished Creatures (others)
  4 fungi (D:2)
  8 plants (D:2)
12 creatures vanquished.

Grand Total: 56 creatures vanquished

Notes
Turn   | Place    | Note
-------+----------+-------------------------------------------
     0 | D:1      | H0rd4k the Octopode Hedge Wizard began the quest for the
                  | Orb.
     0 | D:1      | Reached XP level 1. HP: 11/11 MP: 4/4
   402 | D:1      | Reached XP level 2. HP: 17/17 MP: 4/6
  1226 | D:1      | Learned a level 2 spell: Blink
  1553 | D:2      | Reached XP level 3. HP: 20/21 MP: 4/8
  1752 | D:2      | Noticed Sigmund
  2123 | D:3      | Found Zin's Purification Station.
  2126 | D:3      | Found a glowing silver altar of Zin.
  2726 | D:3      | Reached skill level 4 in Spellcasting
  2726 | D:3      | Reached XP level 4. HP: 11/27 MP: 0/10
  3389 | D:4      | Reached XP level 5. HP: 16/31 MP: 0/11
  4105 | D:5      | Entered Level 5 of the Dungeon
  4176 | D:5      | Reached XP level 6. HP: 34/36 MP: 2/13
  4344 | D:5      | HP: 1/36 [poisoned by a scorpion]
  4345 | D:5      | Succumbed to a scorpion's poison

Illustrated notes

Levels and vault maps discovered:
D:1:      nicolae_arrival_memento_mori, layout_loops_ring
D:2:      layout_loops_ring, shapermc_ecumenical_altar_mp_urbaneastern,
          nrook_mini_vaults, uniq_sigmund
D:3:      layout_basic, zin_purify
D:4:      cheibrodos_greedy_goblins, layout_basic,
          gammafunk_temple_overflow_wave, minmay_temple_entry_offerings
D:5:      layout_basic, mainiacjoe_overflow_paths, mainiacjoe_overflow_brackets,
          serial_curves, eino_curves_01, eino_curves_04, eino_curves_01,
          eino_curves_01, serial_shops, shop, hex_tiny

Skill      XL: |  1  2  3  4  5 |
---------------+----------------+-----
Stealth        | 3 |  3.4
Spellcasting   | 4 |  4.9
Conjurations   | 2 3 |  3.4
Dodging        | |  2.6
Summonings     | |  1.0
Translocations | |  1.0

Action                   |  1- 3 |  4- 6 || total
-------------------------+-------+-------++-------
Melee: Dagger            |    11 |     7 ||    18
       Constrict         |     3 |     2 ||     5
       Tentacles         |     1 |     2 ||     3
 Cast: Magic Dart        |    92 |    92 ||   184
  Use: Potion            |       |     2 ||     2
Armor: Skin              |     1 |     3 ||     4
Dodge: Dodged            |    12 |    26 ||    38
